 Dungeon Crawl Stone Soup version 0.19.5 (webtiles) character file.

30 miragecloak the Changer (level 3, -8/31 HPs)
             Began as a Naga Transmuter on Apr 20, 2017.
             Mangled by Sigmund
             ... wielding a +2 vampiric scythe
              (14 damage)
             ... on level 2 of the Dungeon.
             The game lasted 00:01:54 (1699 turns).

miragecloak the Changer (Naga Transmuter)           Turns: 1699, Time: 00:01:54

Health: -8/31      AC:  2    Str: 12    XL:     3   Next: 18%
Magic:  5/6        EV: 10    Int: 13    God:
Gold:   43         SH:  0    Dex: 15    Spells: 2 memorised, 2 levels left

rFire  . . .     SeeInvis +       - Unarmed
rCold  . . .     Gourm    .     b - +0 robe
rNeg   + . .     Faith    .     (no shield)
rPois  +         Spirit   .     (no helmet)
rElec  .         Reflect  .     (no cloak)
rCorr  .         Harm     .     (no gloves)
MR     .....                    (no barding)
Stlth  +.........               (no amulet)
                                h - ring of positive energy
                                g - +3 ring of dexterity

@: confused, appendage (expiring), very slightly contaminated, very slow
A: horns 2, see invisible, deformed body, poison resistance, slowness 2, slow
metabolism 1, spit poison 1, AC +1
a: Spit Poison, End Transformation


You were on level 2 of the Dungeon.
You were not hungry.
You had grown temporary horns.
You visited 1 branch of the dungeon, and saw 2 of its levels.

You collected 43 gold pieces.

Inventory:

Missiles
 a - 28 arrows
 n - a throwing net (quivered)
Armour
 b - a +0 robe (worn)
Jewellery
 g - a +3 ring of dexterity (left hand)
 h - a ring of positive energy (right hand)
Scrolls
 e - a scroll of amnesia {unknown}
 f - a scroll of enchant armour {unknown}
 j - 5 scrolls of teleportation {unknown}
 k - 2 scrolls of identify {unknown}
 q - 2 scrolls of remove curse {unknown}
Potions
 l - a potion of cancellation {unknown}
 m - a potion of berserk rage {unknown}
 o - 2 potions of ambrosia {unknown}
Books
 c - a book of Changes

   Spells                             Type                      Level
   a - Beastly Appendage              Transmutation                1
   b - Sticks to Snakes               Transmutation                2
   c - Spider Form                    Transmutation/Poison         3
   d - Ice Form                       Ice/Transmutation            4
   e - Blade Hands                    Transmutation                5
Comestibles
 d - 2 bread rations
 i - a beef jerky
 p - a chunk of flesh


   Skills:
 - Level 1.0 Fighting
 - Level 1.5 Dodging
 - Level 3.0 Unarmed Combat
 - Level 2.0 Spellcasting
 - Level 3.3 Transmutations
 + Level 1.1 Poison Magic


You had 2 spell levels left.
You knew the following spells:

 Your Spells              Type           Power        Failure   Level  Hunger
a - Beastly Appendage     Tmut           ##....       10%         1    ##.....
b - Spider Form           Tmut/Pois      #.........   34%         3    ####...


Dungeon Overview and Level Annotations

Branches:
Dungeon (2/15)

Altars:
The Shining One

Annotations:
D:2 Jessica, Sigmund


Innate Abilities, Weirdness & Mutations

You cannot wear boots.
Your serpentine skin is tough. (AC +1)
You have supernaturally acute eyesight. (SInv)
Armour fits poorly on your strangely shaped body.
Your system is resistant to poisons. (rPois)
You cover ground very slowly.
You have a slow metabolism.
You can spit poison.
You have a pair of horns on your head.


Message History

Sigmund screams, "Die, monster!"
Sigmund points at you and mumbles some strange words.
You are confused.
A goblin comes into view.
Sigmund casts a spell at you.
You are more confused.
Jessica the Apprentice Sorceress comes into view.
She is wielding a dagger.
You see here 9 gold pieces.
You bump into the rock wall.
Jessica shouts!
Jessica casts a spell.
Jessica blinks!
An ooze comes into view.
Sigmund hits you from afar with a vampiric scythe!
Sigmund hits you with a vampiric scythe.
Sigmund hits you with a vampiric scythe!
* * * LOW HITPOINT WARNING * * *
Your transformation is almost over.
Sigmund hits you from afar with a vampiric scythe!
You die...

#######
#.....#
#...?.#
#.....#
#.$...#
#..@g.#
#..#.....$.
##.@#.......
##..###......
##..## #.....
##..## #..##
###..##.....
#..#
###...##......
#.. #...###
..._..
#.#...##......
#.###..##.....


You could see Sigmund.

Vanquished Creatures
  2 dart slugs (D:1)
  A goblin (D:1)
  6 hobgoblins (D:1)
  8 kobolds
  A ball python (D:1)
  3 bats (D:1)
  3 frilled lizards (D:1)
  2 rats (D:1)
26 creatures vanquished.

Notes
Turn   | Place    | Note
-------+----------+-------------------------------------------
     0 | D:1      | miragecloak the Naga Transmuter began the quest for the Orb.
     0 | D:1      | Reached XP level 1. HP: 18/18 MP: 3/3
   260 | D:1      | Reached XP level 2. HP: 6/25 MP: 3/5
  1476 | D:1      | Reached XP level 3. HP: 31/31 MP: 4/6
  1482 | D:1      | Learned a level 3 spell: Spider Form
  1622 | D:1      | Reached skill level 1 in Poison Magic
  1680 | D:2      | Found a glowing golden altar of the Shining One.
  1691 | D:2      | Noticed Sigmund
  1694 | D:2      | Noticed Jessica
  1699 | D:2      | Mangled by Sigmund

Skill      XL: |  1  2  3 |
---------------+----------+-----
Transmutations | 3 |  3.3
Poison Magic   | 1 |  1.1
Fighting       | |  1.0
Dodging        | |  1.5
Unarmed Combat | |  3.0
Spellcasting   | |  2.0

Action                   || total
-------------------------++-------
Melee: Unarmed           ||    87
       Headbutt          ||     8
 Cast: Beastly Appendage ||    17
 Abil: Spit Poison       ||     1
  Eat: Chunk             ||     2
Armor: Robe              ||    12
Dodge: Dodged            ||    48
